 Dungeon Crawl Stone Soup version 0.29-a0-251-g80730f7218 (webtiles) character file.

Game seed: 10718561581582398125

5422 Atlas the Thaumaturge (level 10, -24/76 HPs)
             Began as a Djinni Fire Elementalist on Mar 6, 2022.
             Was a Follower of Ashenzari.
             Killed from afar by a kobold brigand (48 damage)
             ... with a bolt of acid
             ... on level 8 of the Dungeon.
             The game lasted 00:14:32 (11843 turns).

Atlas the Thaumaturge (Djinni Fire Elementalist)   Turns: 11843, Time: 00:14:33

Health: -24/76     AC:  4    Str:  7    XL:     10   Next: 99%
Gold:   480        EV: 12    Int: 28    God:    Ashenzari [*.....] SH:  0 Dex: 13

rFire   + + .      SeeInvis .   q - +0 staff of Battle
rCold   x . .      Faith    .   (no shield)
rNeg    . . .      Spirit   .   y - +0 leather armour
rPois   ∞          Reflect  .   l - +1 hat
rElec   .          Harm     .   (no cloak)
rCorr   .          Rampage  .   (no gloves)
Will    +....                   (boots unavailable)
Stlth   ++........              (no amulet)
HPRegen 0.22/turn               o - ring of Ashenzari's Disgust {Int+6, Cun, Self} (curse)
MPRegen 0.00/turn               g - ring of Ashenzari's Fanaticism {Wiz, Self, Evo} (curse)

@: flying
A: sickness immunity, fire resistance 2, cold vulnerability 1, float, innate
caster, HP casting, extra vitality 1
a: Renounce Religion, Curse Item, Shatter the Chains


You were on level 8 of the Dungeon.
You worshipped Ashenzari.
Ashenzari was aware of your devotion.
You visited 2 branches of the dungeon, and saw 9 of its levels.
You also visited: Sewer and Ossuary.

You collected 480 gold pieces.

Inventory:

Hand Weapons
 q - the +0 staff of Battle (weapon)
   (You acquired it on level 8 of the Dungeon)

   It enhances your conjuration magic.
   It summons a battlesphere in combat, with strength depending on Conjurations
   skill.
   Its strikes trigger the battlesphere's blasts.
Missiles
 A - 3 throwing nets
Armour
 l - a +1 hat (worn)
 y - a +0 leather armour (worn)
Jewellery
 g - the cursed ring of Ashenzari's Fanaticism (right hand) {Wiz, Self, Evo}
   (You found it on level 5 of the Dungeon)

   [ring of wizardry]

   It improves your spell success rate.
   It has a curse which improves the following skills: Introspection: Fighting
   and Spellcasting.
   Evocations: Evocations.
 n - a +6 ring of intelligence
 o - the cursed ring of Ashenzari's Disgust (left hand) {Int+6, Cun, Self}
   (You found it on level 3 of the Dungeon)

   [ring of intelligence]

   Int:       It affects your intelligence (+6).
   It has a curse which improves the following skills: Cunning: Dodging and
   Stealth.
   Introspection: Fighting and Spellcasting.
 x - a +4 ring of protection
Wands
 k - a wand of polymorph (11)
 p - a wand of iceblast (9)
 t - a wand of paralysis (9)
 w - a wand of flame (4)
 C - a wand of digging (7)
Scrolls
 a - a scroll of blinking
 f - a scroll of enchant armour
 i - 2 scrolls of vulnerability
 s - 5 scrolls of noise
 u - 2 scrolls of immolation
 v - 2 scrolls of teleportation
 z - 3 scrolls of enchant weapon
 F - 2 scrolls of magic mapping
Potions
 b - a potion of haste
 c - 4 potions of curing
 d - 2 potions of attraction
 e - a potion of ambrosia
 j - a potion of lignification
 m - 2 potions of berserk rage
 r - 3 potions of might
 B - 3 potions of heal wounds
 D - a potion of brilliance
 G - a potion of mutation


   Skills:
 * Level 6.9(8.2) Fighting
 - Level 2.4(3.1) Dodging
 - Level 1.7(2.3) Stealth
 + Level 11.0(12.3) Spellcasting


You had 10 spell levels left.
You knew the following spells:

 Your Spells              Type           Power      Damage    Failure   Level
a - Scorch                Fire           100%       2d10      1%          2
b - Foxfire               Conj/Fire      100%       2x1d9     1%          1
c - Conjure Flame         Conj/Fire      92%        6-21      1%          3
d - Inner Flame           Hex/Fire       72%        N/A       1%          3
e - Flame Wave            Conj/Fire      92%        2d16      1%          4
f - Sting                 Tmut/Pois      100%       1d8       1%          1
g - Blink                 Tloc           100%       N/A       1%          2
h - Portal Projectile     Hex/Tloc       100%       N/A       1%          3
i - Leda's Liquefaction   Hex/Erth       36%        N/A       1%          4
Your spell library was empty.

Dungeon Overview and Level Annotations

Branches:
Dungeon (8/15)             Temple (1/1) D:4            Lair (0/6) D:8
  Sewer (visited)         Ossuary (visited)

Altars:
Ashenzari
Cheibriados
Dithmenos
Elyvilon
Fedhas
Gozag
Hepliaklqana
Kikubaaqudgha
Makhleb
Okawaru
Qazlal
Ru
Sif Muna
Trog
Uskayaw
Vehumet
Wu Jian
Xom
Yredelemnul
Zin

Shops:
D:6 !

Annotations:
D:6 2 transporters, SirDiesAlot's ghost, novice DEAE
D:8 3 runed translucent doors, spaghetti's ghost, weakling DsDe


Innate Abilities, Weirdness & Mutations

You are immune to sickness and miasma.
You are immune to poison.
Your flesh is very heat resistant. (rF++)
You are vulnerable to cold. (rC-)
You float through the air rather than walking.
You learn spells naturally, not from books.
Your magical power is your life essence.
You have superior vitality. (+4 MHP)


Message History

You kill the kobold!
A kobold brigand comes into view.
It is wielding a +0 whip, quivering curare-tipped darts and carrying a wand of acid (2).
Casting: Scorch (safe; 1% risk of failure)
Confirm with . or Enter, or press ? or * to list all spells.
Flames lash the kobold.
You kill the kobold!
The kobold closely misses you.
Casting: Scorch (safe; 1% risk of failure)
Confirm with . or Enter, or press ? or * to list all spells.
Flames lash the kobold.
You kill the kobold!
The kobold hits you with a +0 dagger.
Casting: Scorch (safe; 1% risk of failure)
Confirm with . or Enter, or press ? or * to list all spells.
Flames lash the kobold.
You kill the kobold!
Casting: Scorch (safe; 1% risk of failure)
Confirm with . or Enter, or press ? or * to list all spells.
Flames lash the kobold.
The kobold is severely wounded.
The kobold's fire resistance burns away.
Casting: Scorch (safe; 1% risk of failure)
Confirm with . or Enter, or press ? or * to list all spells.
Flames lash the kobold brigand.
The kobold brigand is moderately wounded.
The kobold brigand's fire resistance burns away.
Casting: Scorch (safe; 1% risk of failure)
Confirm with . or Enter, or press ? or * to list all spells.
Flames lash the kobold brigand.
The kobold brigand is burned terribly!
The kobold brigand is severely wounded.
The kobold misses you.
The kobold brigand zaps a wand.
The bolt of acid misses the kobold.
The bolt of acid misses you.
The bolt of acid hits your battlesphere!
Casting: Scorch (safe; 1% risk of failure)
Confirm with . or Enter, or press ? or * to list all spells.
Flames lash the kobold.
The kobold is burned terribly!
You kill the kobold!
The kobold brigand zaps a wand.
The bolt of acid hits you!!!
Ouch! That really hurt!
You die...

### .....>.....
......... ......... #
........ '# ###..... ...
..)))# .... # ##))#
.....
###########...####......
...............*@)K.....
####.######...####.)....
####.# #..## .....
..##.# #.## .... #.##.#
#.# ... #.##.# #.# '#
#.##.# #.# # .....# #.#
#.####


You could see a kobold brigand (combustible, ally target) and a friendly
battlesphere.

Vanquished Creatures
  Harold (D:7)
  A hornet (D:7)
  2 wyverns (D:7)
  3 wargs (D:8)
  An acid dragon (D:8)
  4 water moccasins
  3 orc warriors (D:8)
  An ice beast (D:4)
  A black bear (D:6)
  4 ogres
  2 centaurs (D:8)
  A kobold brigand (D:6)
  Blork the orc (D:5)
  2 bullfrogs
  3 necrophages
  7 scorpions
  3 killer bees (D:8)
  3 howler monkeys (D:8)
  2 centaur zombies (Ossuary)
  7 orc priests
  4 hounds
  2 human zombies (Ossuary)
  3 jellies
  3 gnoll shamans
  An iguana (D:5)
  2 scorpion zombies (Ossuary)
  7 orc wizards
  3 mummies (Ossuary)
  20 gnolls
  11 adders
  2 shadow imps
  An ufetubus (D:5)
  2 worms
  4 dart slugs
  33 orcs
  5 ball pythons
  7 endoplasms
  4 giant cockroaches
  3 gnoll zombies (Ossuary)
  5 goblins
  6 hobgoblins
  16 kobolds
  7 quokkas
  14 bats
  2 frilled lizards (D:1)
  2 goblin zombies (Ossuary)
  4 kobold zombies (Ossuary)
  3 orc zombies (Ossuary)
  8 rats
236 creatures vanquished.

Vanquished Creatures (others)
  42 foxfires
  3 plants
45 creatures vanquished.

Grand Total: 281 creatures vanquished

Notes
Turn   | Place    | Note
-------+----------+-------------------------------------------
     0 | D:1      | Atlas the Djinni Fire Elementalist began the quest for the
                  | Orb.
     0 | D:1      | Reached XP level 1. HP: 15/15 MP: 0/0
   272 | D:1      | Reached XP level 2. HP: 19/21 MP: 0/0
   774 | D:1      | Reached skill level 3 in Spellcasting
   774 | D:1      | Reached XP level 3. HP: 25/25 MP: 0/0
   774 | D:1      | Learned a level 1 spell: Sting
   952 | D:2      | Found a faded altar of an unknown god.
  1209 | D:2      | Reached skill level 1 in Fighting
  1209 | D:2      | Reached XP level 4. HP: 15/32 MP: 0/0
  1642 | D:2      | Reached XP level 5. HP: 13/37 MP: 0/0
  1642 | D:2      | Learned a level 2 spell: Blink
  2358 | D:3      | Reached skill level 4 in Spellcasting
  3078 | D:3      | Reached XP level 6. HP: 39/43 MP: 0/0
  3623 | D:4      | Found a glowing drain.
  3633 | Sewer    | Entered a sewer
  3719 | Sewer    | Noticed a water moccasin
  3725 | Sewer    | Killed a water moccasin
  3726 | Sewer    | Reached skill level 5 in Spellcasting
  3914 | D:4      | Reached XP level 7. HP: 36/49 MP: 0/0
  3914 | D:4      | Learned a level 3 spell: Portal Projectile
  4252 | D:4      | Found a staircase to the Ecumenical Temple.
  4320 | Temple   | Entered the Ecumenical Temple
  4598 | Temple   | Became a worshipper of Ashenzari the Shackled
  5145 | D:5      | Entered Level 5 of the Dungeon
  5148 | D:5      | Reached skill level 6 in Spellcasting
  5300 | D:5      | Reached XP level 8. HP: 53/56 MP: 0/0
  5410 | D:5      | Noticed Blork the orc
  5414 | D:5      | Killed Blork the orc
  5688 | D:5      | Reached skill level 7 in Spellcasting
  6343 | D:6      | Reached XP level 9. HP: 61/65 MP: 0/0
  6343 | D:6      | Learned a level 4 spell: Leda's Liquefaction
  6862 | D:6      | Found a transporter.
  6888 | D:6      | Noticed SirDiesAlot's ghost (novice DEAE)
  6891 | D:6      | Found Gogicsiaq's Distillery.
  6933 | D:6      | Found a transporter.
  6947 | D:6      | Reached skill level 8 in Spellcasting
  6949 | D:6      | Reached skill level 5 in Fighting
  7668 | D:7      | Noticed Harold
  7809 | D:7      | Killed Harold
  7810 | D:7      | Reached skill level 9 in Spellcasting
  8025 | D:7      | Reached * piety under Ashenzari
  8106 | D:7      | Reached XP level 10. HP: 47/75 MP: 0/0
  8895 | D:7      | Reached ** piety under Ashenzari
  9333 | D:8      | Found a sand-covered staircase.
  9353 | Ossuary  | Entered an ossuary
  9365 | Ossuary  | Reached skill level 10 in Spellcasting
  9411 | Ossuary  | Identified a scroll of acquirement
 10122 | D:8      | Acquired the +0 staff of Battle
 10122 | D:8      | Found the +0 staff of Battle
 10298 | D:8      | Found a runed translucent gate.
 10299 | D:8      | Found a runed translucent gate.
 10300 | D:8      | Found a runed translucent gate.
 10301 | D:8      | Found an opulent altar of Gozag.
 10302 | D:8      | Noticed a death knight
 10303 | D:8      | Noticed spaghetti's ghost (weakling DsDe)
 11811 | D:8      | Found a staircase to the Lair.
 11817 | D:8      | Reached skill level 11 in Spellcasting
 11843 | D:8      | Killed from afar by a kobold brigand

Illustrated notes

Levels and vault maps discovered:
D:1:      nzn_arrival_water_spiral, layout_loops_ring
D:2:      layout_loops_ring, nicolae_ecumenical_oubliette, basic_altar,
          chequers_hall_statues_y, minmay_tetromino_l4
D:3:      layout_basic, serial_park_tiny_1, serial_bayou_lagoon_a,
          kennysheep_flooded_box
D:4:      layout_cave_pools, minmay_temple_entry_overgrown, portal_sewer_entry_d
D:5:      layout_cave_pools, uniq_blork_the_orc
D:6:      layout_rooms, gammafunk_ghost_arena, serial_shops, shop
D:7:      layout_cave_pods, minmay_misc_feat_room, uniq_harold
D:8:      layout_loops_corners, erik_lair_orcish_takeover, ebering_ghost_gozag,
          nicolae_ossuary_entry_ruins
Temple:   mainiacjoe_temple_cubbyholes

Skill      XL: |  1  2  3  4  5  6  7  8  9 10 |
---------------+-------------------------------+-----
Spellcasting   | 3 4 5 6 7 9 11 | 11.0
Fighting       | 1 2 3 4 5 6 |  6.9
Dodging        | |  2.4
Stealth        | |  1.7

Action                   |  1- 3 |  4- 6 |  7- 9 | 10-12 || total
-------------------------+-------+-------+-------+-------++-------
Melee: Spear             |    42 |    19 |     4 |    14 ||    79
       Punch             |     1 |       |       |       ||     1
       Staff             |       |       |       |     1 ||     1
 Cast: Foxfire           |    12 |       |     8 |     4 ||    24
       Scorch            |     9 |    59 |   129 |   111 ||   308
       Inner Flame       |       |       |     2 |       ||     2
       Flame Wave        |       |       |     1 |     9 ||    10
       Leda's Liquefacti |       |       |     1 |       ||     1
Invok: Curse Item        |       |       |     2 |     1 ||     3
       Shatter the Chain |       |       |       |     1 ||     1
  Use: Scroll            |       |       |     5 |     1 ||     6
 Stab: Sleeping          |     5 |     2 |     1 |     1 ||     9
Armor: Robe              |    16 |     4 |     2 |       ||    22
       Leather armour    |       |       |     4 |    16 ||    20
Dodge: Dodged            |    23 |    16 |    27 |    57 ||   123

Table legend: (Time is in decaauts)
 A = Elapsed time spent in this place.
 B = Non-inter-level travel time spent in this place.
 C = Inter-level travel time spent in this place.
 D = Time resting spent in this place.
 E = Time spent auto-exploring this place.
 F = Levels seen in this place.
 G = Mean time per level.
                   A        B        C        D        E       F      G
               +--------+--------+--------+--------+--------+-----+--------+
         Total |  11854 |  11587 |    267 |   1023 |   9260 |  11 | 1077.6 |
       Dungeon |  10513 |  10301 |    212 |   1023 |   8152 |   8 | 1314.1 |
        Temple |    321 |    266 |     55 |      0 |    264 |   1 |  321.0 |
         Sewer |    251 |    251 |      0 |      0 |    212 |   1 |  251.0 |
       Ossuary |    767 |    767 |      0 |      0 |    632 |   1 |  767.0 |
               +--------+--------+--------+--------+--------+-----+--------+

Top non-repeatable levels by time:
     D:7: 1710 daAuts
     D:6: 1685 daAuts
     D:8: 1434 daAuts
     D:2: 1388 daAuts
     D:3: 1260 daAuts
     D:4: 1102 daAuts
     D:1: 970 daAuts
     D:5: 961 daAuts
 Ossuary: 767 daAuts
  Temple: 321 daAuts
   Sewer: 251 daAuts
